 Dungeon Crawl Stone Soup version 0.31-a0-618-g7ca08c1ff9 (webtiles) character file.

Game seed: 16181582806356140973

4471 lessens the Cleaver (level 10, -3/74 HPs)
             Began as a Demonspawn Fighter on Aug 22, 2023.
             Was a Believer of Makhleb.
             Slain by a vampire (10 damage)
             ... on level 9 of the Dungeon.
             The game lasted 00:12:13 (10255 turns).

lessens the Cleaver (Demonspawn Fighter)           Turns: 10255, Time: 00:12:13

Health: -3/74      AC: 16    Str: 20    XL:     10   Next: 15%
Magic:  13/13      EV:  9    Int: 11    God:    Makhleb [**....]
Gold:   202        SH:  8    Dex: 12    Spells: 9/9 levels left

rFire   . . .        a - +0 war axe
rCold   + . .        c - +0 buckler
rNeg    . . .        b - +0 scale mail
rPois   .            (no helmet)
rElec   .            w - +2 cloak
rCorr   .            l - +2 pair of gloves
SInv    .            (no boots)
Will    .....        (no amulet) Stlth
                     B - ring of protection from cold
HPRegen 0.32/turn    (no ring)
MPRegen 0.26/turn

%: no passive effects
@: no status effects
A: claws 2, icemail 1, magic regeneration, condensation shield
a: Renounce Religion, Minor Destruction


You were on level 9 of the Dungeon.
You worshipped Makhleb.
Makhleb was pleased with you.
You visited 1 branch of the dungeon, and saw 9 of its levels.

You collected 397 gold pieces.
You spent 195 gold pieces at shops.

Inventory:

Hand Weapons
 a - a +0 war axe (weapon)
Missiles
 e - 69 stones
 o - 18 poisoned darts
 u - 3 boomerangs
 D - a curare-tipped dart
Armour
 b - a +0 scale mail (worn)
 c - a +0 buckler (worn)
 l - a +2 pair of gloves (worn)
 w - a +2 cloak (worn)
Jewellery
 h - a ring of ice
 B - a ring of protection from cold (left hand)
Wands
 k - a wand of light (1)
 q - a wand of flame (29) (quivered)
 s - a wand of charming (3)
Scrolls
 g - 4 scrolls of identify
 j - 4 scrolls of immolation
 m - 2 scrolls of fog
 n - a scroll of revelation
 r - a scroll of brand weapon
 y - a scroll of poison {unknown}
 C - 2 scrolls of amnesia {unknown}
Potions
 d - a potion of might
 f - a potion of haste
 i - 2 potions of brilliance
 p - a potion of ambrosia
 t - 2 potions of invisibility
 v - a potion of attraction {unknown}
 x - a potion of lignification
 A - a potion of curing


   Skills:
 - Level 5.5 Fighting
 * Level 12.5 Axes
 - Level 2.6 Armour
 - Level 2.6 Shields
 + Level 4.6 Invocations


You had 9 spell levels left.
You didn't know any spells.
Your spell library contained the following spells:

 Spells                   Type           Power      Damage    Failure   Level
 Summon Small Mammal      Summ           0%         N/A       77%         1
 Call Canine Familiar     Summ           0%         N/A       98%         3
 Summon Guardian Golem    Hex/Summ       0%         N/A       98%         3


Dungeon Overview and Level Annotations

Branches:
Dungeon (9/15) Zot: 26512  Temple (0/1) D:7
   Lair: D:8-11         Orc: D:9-12

Altars:
Dithmenos
Fedhas
Hepliaklqana
Kikubaaqudgha
Makhleb
Ru
Sif Muna
Trog
Vehumet
Xom

Shops:
D:2 (   D:7 ![

Annotations:
D:8 Maurice


Innate Abilities, Weirdness & Mutations

You have very sharp fingernails.
A meltable icy envelope protects you from harm. (AC +4)
You regenerate magic rapidly.
A meltable shield of frost defends you. (SH +4)


Message History

The grasping roots constrict something.
Something hits you. Something bites you.
Something draws strength from your injuries!
You closely miss something.
The grasping roots constrict something!
Something hits you. Something bites you!
* * * LOW HITPOINT WARNING * * *
Something draws strength from your injuries!
You feel much better. Something hits you but does no damage.
Something bites you.
Something draws strength from your injuries!
Aiming: Bolt of Light
Press: ? - help, Shift-Dir - straight line The bolt of light hits something.
Something hits you! Something bites you.
* * * LOW HITPOINT WARNING * * *
Something draws strength from your injuries!
Aiming: Fastroot
Press: ? - help, Shift-Dir - straight line The roots erupt in riotous growth!
Roots grab something.
The now-empty wand crumbles to dust.
The grasping roots constrict something.
Something hits you but does no damage. Something bites you but does no damage.
Aiming: Bolt of Light
Press: ? - help, Shift-Dir - straight line The bolt of light hits something.
The grasping roots constrict something.
Something hits you.
* * * LOW HITPOINT WARNING * * *
Something bites you but does no damage.
Aiming: Bolt of Light
Press: ? - help, Shift-Dir - straight line Something draws life force from you!
* * * LOW HITPOINT WARNING * * *
Aiming: Bolt of Light
Press: ? - help, Shift-Dir - straight line You hear some strange, mumbled words.
Something tries to affect you, but you resist.
Okay, then.
Aiming: Bolt of Light
Press: ? - help, Shift-Dir - straight line Something hits you!
You die...

...?......##
##...#....#
#).........#
##..######....
#..........#
##..## ##.
##.........###..##
##........))..##
##.......##...#
###.......###...##
....###..## ##...#
.#### #### #..@##
..# ##{..# ..#
#...# ..# ##..#
.## #......... ##
##........ ##
#........ .#
##....... .#
.......


There were no monsters in sight!

Vanquished Creatures
  Pikel (D:5)
  Sigmund (D:5)
  4 yaks (D:8)
  3 wyverns
  Grum (D:8)
  2 steam dragons
  Menkaure (D:6)
  2 water moccasins
  2 ice beasts
  An orc warrior (D:7)
  3 black bears
  A wolf (D:8)
  2 lemures (D:5)
  A phantom (D:4)
  A kobold brigand (D:8)
  3 bullfrogs
  6 scorpions
  A gnoll sergeant (D:9)
  2 electric eels
  A howler monkey (D:5)
  A crimson imp (D:3)
  2 hounds
  4 jellies
  An orc priest (D:8)
  Ijyb (D:5)
  An iguana (D:5)
  3 orc wizards
  4 gnolls (D:9)
  6 adders
  A shadow imp (D:8)
  A white imp (D:5)
  3 worms
  3 dart slugs
  16 orcs
  9 ball pythons
  7 bats
  6 endoplasms
  6 giant cockroaches
  8 goblins
  5 hobgoblins
  4 jackals (D:3)
  2 quokkas
  7 frilled lizards
  14 kobolds
  2 rats
156 creatures vanquished.

Vanquished Creatures (collateral kills)
  2 wolves (D:8)
2 creatures vanquished.

Vanquished Creatures (others)
  A wolf (D:8)
1 creature vanquished.

Grand Total: 159 creatures vanquished

Notes
Turn   | Place    | Note
-------+----------+-------------------------------------------
     0 | D:1      | lessens the Demonspawn Fighter began the quest for the Orb.
     0 | D:1      | Reached XP level 1. HP: 18/18 MP: 1/1
    30 | D:1      | Reached skill level 2 in Axes
   265 | D:1      | Gained mutation: A meltable shield of frost defends you.
                  | (SH +4) [demonic ancestry]
   265 | D:1      | Reached XP level 2. HP: 24/24 MP: 2/2
   577 | D:1      | Reached skill level 3 in Axes
   833 | D:1      | Gained mutation: You have sharp fingernails. [demonic
                  | ancestry]
   833 | D:1      | Reached XP level 3. HP: 28/29 MP: 3/3
   923 | D:2      | Found Ribid's Antique Weapon Shop.
  1395 | D:2      | Reached skill level 4 in Axes
  1395 | D:2      | Reached XP level 4. HP: 35/35 MP: 4/4
  1702 | D:3      | Found a shimmering altar of Xom.
  1702 | D:3      | Found a burning altar of Makhleb.
  1720 | D:3      | Became a worshipper of Makhleb the Destroyer
  2520 | D:3      | Gained mutation: You regenerate magic rapidly. [demonic
                  | ancestry]
  2520 | D:3      | Reached XP level 5. HP: 41/41 MP: 5/5
  2696 | D:3      | Found a radiant altar of Vehumet.
  2871 | D:3      | Found a faded altar of an unknown god.
  3371 | D:4      | Reached skill level 5 in Axes
  3726 | D:4      | Noticed a phantom
  3757 | D:4      | Killed a phantom
  3826 | D:4      | Reached XP level 6. HP: 18/47 MP: 6/6
  4104 | D:4      | You fall into a shaft and drop 1 floor!
  4104 | D:5      | Entered Level 5 of the Dungeon
  4112 | D:5      | Found a blossoming altar of Fedhas.
  4121 | D:5      | Reached skill level 6 in Axes
  4347 | D:5      | Reached * piety under Makhleb
  4414 | D:5      | Found a bloodstained altar of Trog.
  4431 | D:5      | Reached skill level 7 in Axes
  4431 | D:5      | Gained mutation: You have very sharp fingernails. [demonic
                  | ancestry]
  4431 | D:5      | Reached XP level 7. HP: 26/52 MP: 7/7
  4683 | D:5      | Noticed Ijyb
  4694 | D:5      | Killed Ijyb
  4695 | D:5      | Reached skill level 8 in Axes
  5083 | D:5      | Noticed Sigmund
  5098 | D:5      | Killed Sigmund
  5099 | D:5      | Gained mutation: A meltable icy envelope protects you from
                  | harm. (AC +4) [demonic ancestry]
  5099 | D:5      | Reached XP level 8. HP: 39/58 MP: 8/8
  5817 | D:5      | Noticed Pikel
  5850 | D:5      | Killed Pikel
  5851 | D:5      | Reached skill level 10 in Axes
  6093 | D:6      | Reached skill level 1 in Invocations
  6447 | D:6      | Found a hazy altar of Hepliaklqana.
  6494 | D:6      | Noticed Menkaure
  6498 | D:6      | Killed Menkaure
  6850 | D:6      | Reached XP level 9. HP: 40/63 MP: 11/11
  7467 | D:7      | Reached skill level 11 in Axes
  7543 | D:7      | Found Cauwustry's Distillery.
  7562 | D:7      | Bought a potion of lignification for 39 gold pieces
  7562 | D:7      | Bought a potion of heal wounds for 65 gold pieces
  7562 | D:7      | Bought a potion of curing for 39 gold pieces
  7562 | D:7      | Bought a potion of brilliance for 52 gold pieces
  7707 | D:7      | Found a shadowy altar of Dithmenos.
  7728 | D:7      | Found a sacrificial altar of Ru.
  7867 | D:7      | Found Paveimn's Antique Armour Emporium.
  8397 | D:7      | Found a staircase to the Ecumenical Temple.
  8759 | D:8      | Reached skill level 5 in Fighting
  8774 | D:8      | Reached skill level 12 in Axes
  8949 | D:8      | Found a shimmering blue altar of Sif Muna.
  9222 | D:8      | Noticed Maurice
  9323 | D:8      | Found an ancient bone altar of Kikubaaqudgha.
  9480 | D:8      | Reached ** piety under Makhleb
  9569 | D:8      | Noticed Grum
  9584 | D:8      | Reached XP level 10. HP: 74/74 MP: 12/12
  9593 | D:8      | Your ally Grum died
 10255 | D:9      | Slain by a vampire

Illustrated notes

Levels and vault maps discovered:
D:1:      dpeg_arrival_windows_large_door, layout_loops_ring
D:2:      layout_loops_ring, serial_shops, shop, minmay_misc_feat_columns
D:3:      layout_basic, grunt_temple_overflow_champion_of_chaos,
          gammafunk_temple_overflow_pools,
          dreamdust_ecumenical_altar_hidden_monk_grotto
D:4:      layout_loops_corners
D:5:      layout_basic, mainiacjoe_overflow_small_starburst,
          trog_ov_bears_minmay, uniq_pikel, uniq_sigmund, uniq_ijyb
D:6:      lemuel_ice_spiral_2, layout_basic, kennysheep_little_box,
          hangedman_decor_riveting, uniq_menkaure
D:7:      layout_loops_corners, mainiacjoe_overflow_catwalk, old_standard_altar,
          minmay_temple_entry_enclosed_plants, serial_shops,
          nicolae_lakefront_shop, nicolae_shop_waterfront
D:8:      layout_loops_cross, mainiacjoe_overflow_boulevard, lemuel_round_altar,
          minmay_crystal_water, uniq_maurice, uniq_grum
D:9:      layout_cave_pods, roderic_cross_of_infinity

Skill      XL: |  1  2  3  4  5  6  7  8  9 10 |
---------------+-------------------------------+-----
Axes           | 2 3 4 5 7 8 10 12 | 12.5
Invocations    | 3 4 |  4.6
Fighting       | 5 |  5.5
Armour         | |  2.6
Shields        | |  2.6

Action                     |  1- 3 |  4- 6 |  7- 9 | 10-12 || total
---------------------------+-------+-------+-------+-------++-------
  Melee: War axe           |   112 |   189 |   323 |    44 ||   668
  Throw: Dart              |       |     5 |    16 |       ||    21
  Evoke: Wand              |       |       |    22 |    11 ||    33
    Use: Potion            |       |     2 |       |     2 ||     4
         Scroll            |       |       |     8 |       ||     8
   Stab: Invisible         |       |       |     3 |       ||     3
 Armour: Scale mail        |    46 |    53 |    93 |    20 ||   212
  Dodge: Dodged            |    44 |    79 |   111 |    13 ||   247
  Block: Buckler           |    43 |    82 |   117 |     9 ||   251

Table legend: (Time is in decaauts)
 A = Elapsed time spent in this place.
 B = Non-inter-level travel time spent in this place.
 C = Inter-level travel time spent in this place.
 D = Time resting spent in this place.
 E = Time spent auto-exploring this place.
 F = Levels seen in this place.
 G = Mean time per level.
                   A        B        C        D        E       F      G
               +--------+--------+--------+--------+--------+-----+--------+
         Total |  10343 |   9929 |    414 |    273 |   8263 |   9 | 1149.2 |
       Dungeon |  10343 |   9929 |    414 |    273 |   8263 |   9 | 1149.2 |
               +--------+--------+--------+--------+--------+-----+--------+

Top non-repeatable levels by time:
     D:3: 1727 daAuts
     D:5: 1504 daAuts
     D:7: 1366 daAuts
     D:4: 1221 daAuts
     D:8: 1214 daAuts
     D:6: 1110 daAuts
     D:1: 954 daAuts
     D:2: 758 daAuts
     D:9: 486 daAuts

Levels and vault maps discovered:
D:1:      dpeg_arrival_windows_large_door, layout_loops_ring
D:2:      layout_loops_ring, serial_shops, shop, minmay_misc_feat_columns
D:3:      layout_basic, grunt_temple_overflow_champion_of_chaos,
          gammafunk_temple_overflow_pools,
          dreamdust_ecumenical_altar_hidden_monk_grotto
D:4:      layout_loops_corners
D:5:      layout_basic, mainiacjoe_overflow_small_starburst,
          trog_ov_bears_minmay, uniq_pikel, uniq_sigmund, uniq_ijyb
D:6:      lemuel_ice_spiral_2, layout_basic, kennysheep_little_box,
          hangedman_decor_riveting, uniq_menkaure
D:7:      layout_loops_corners, mainiacjoe_overflow_catwalk, old_standard_altar,
          minmay_temple_entry_enclosed_plants, serial_shops,
          nicolae_lakefront_shop, nicolae_shop_waterfront
D:8:      layout_loops_cross, mainiacjoe_overflow_boulevard, lemuel_round_altar,
          minmay_crystal_water, uniq_maurice, uniq_grum
D:9:      layout_cave_pods, roderic_cross_of_infinity
